Workbook
Name \0: #REF!
Name \a: #REF!
Name \b: #REF!
Name \c: #REF!
Name \e: #REF!
Name \f: #REF!
Name \i: #REF!
Name \m: #REF!
Name \r: #REF!
Name \s: #REF!
Name \t: #REF!
Name \x: #REF!
Name \z: #REF!
Name _: #REF!
Name __________________________________________________i1: #REF!
Name _________________________________________________i1: #REF!
Name ________________________________________________i1: #REF!
Name _______________________________________________i1: #REF!
Name ______________________________________________i1: #REF!
Name _____________________________________________i1: #REF!
Name ____________________________________________i1: #REF!
Name ___________________________________________i1: #REF!
Name __________________________________________i1: #REF!
Name _________________________________________i1: #REF!
Name ________________________________________i1: #REF!
Name _______________________________________i1: #REF!
Name ______________________________________i1: #REF!
Name _____________________________________i1: #REF!
Name ____________________________________i1: #REF!
Name ___________________________________i1: #REF!
Name __________________________________i1: #REF!
Name _________________________________i1: #REF!
Name ________________________________i1: #REF!
Name _______________________________i1: #REF!
Name ______________________________i1: #REF!
Name _____________________________i1: #REF!
Name ____________________________i1: #REF!
Name ___________________________i1: #REF!
Name __________________________AFC1: #REF!
Name __________________________AFC3: #REF!
Name __________________________AFC5: #REF!
Name __________________________BGC1: #REF!
Name __________________________BGC3: #REF!
Name __________________________BGC5: #REF!
Name __________________________CAC1: #REF!
Name __________________________CAC3: #REF!
Name __________________________CAC5: #REF!
Name __________________________i1: #REF!
Name __________________________rc: #REF!
Name __________________________SBC1: #REF!
Name __________________________SBC3: #REF!
Name __________________________SBC5: #REF!
Name _________________________AFC1: #REF!
Name _________________________AFC3: #REF!
Name _________________________AFC5: #REF!
Name _________________________BGC1: #REF!
Name _________________________BGC3: #REF!
Name _________________________BGC5: #REF!
Name _________________________CAC1: #REF!
Name _________________________CAC3: #REF!

Sheet PRESUPUESTO
F1: #VALUE!
B3: Municipio de Santa Rosa de Osos | C3: 2025
A5: PRESUPUESTO
A6: ITEM | B6: DESCRIPCIÓN | C6: UND | D6: CANT | E6: VR UNITARIO | F6: VALOR TOTAL
A8: 1 | B8: Movimiento de tierra
A9: 1,1 | B9: Excavación y conformación mecánica de la vía en material común, en seco. Incluye remoción de material suelto, perfilado del camino, limpieza de zanjas y cárcavas formadas por escorrentía, garantizando el bombeo y la sección transversal. | C9: m³ | D9: ='1,1'!J10 -> 448.22 | E9: =+'APU 1,1'!H61 -> 37019.71 | F9: =D9*E9 -> 16592974
A10: 1,2 | B10: Suministro, transporte, extendido y compactación de material granular (material de la zona) para afirmado de la vía. Incluye colocación por capas, humectación y compactación mecánica hasta obtener la densidad especificada. | C10: m³ | D10: ='1,2'!J10 -> 224.11 | E10: =+'APU 1,2'!H61 -> 142527.36 | F10: =D10*E10 -> 31941807
B11: VALOR TOTAL COSTO DIRECTO DE OBRA | F11: =SUM(F9:F10) -> 48534781
B12: RETENCIONES | E12: 0.1332 | F12: =F11*E12 -> 6464832.8
A13: A | B13: TOTAL VALOR OBRA | F13: =F11+F12 -> 54999614

Sheet UNITARIOS
C2: ANALISIS DE PRECIO UNITARIO
C3: OBJETO:
C5: PROPONENTE: - | G5: FECHA: | H5: 26/3/2025
B7: ITEM:1.1.1 | C7: Localización, trazado y replanteo de la obra: incluye levantamiento altiplanimétrico y topográfico de la zona de estudio, verificación de niveles, alineamientos y referencias según planos y especificaciones técnicas. | G7: UND: | H7: M2
B10: MATERIALES
B11: DESCRIPCIÓN | D11: UND | E11: CANTIDAD | F11: VR. UNITARIO | G11: VR. PARCIAL
B12: TABLA, PINTURA, HILO | D12: GLB | E12: 1 | F12: 1000 | G12: =F12*E12 -> 1000
B13: LISTONES MADERA 8*4*2.8 | D13: ML | E13: 0.1 | F13: 12000 | G13: =F13*E13 -> 1200
G14: =F14*E14 -> 0
G15: =F15*E15 -> 0
G16: =F16*E16 -> 0
G17: =F17*E17 -> 0
G18: =F18*E18 -> 0
G19: =F19*E19 -> 0
G20: TOTAL MATERIALES: | H20: =SUM(G12:G19) -> 2200
B22: MANO DE OBRA
B23: DESCRIPCIÓN | C23: HORA-HOMBRE | D23: PRESTACIONES | E23: CANTIDAD | F23: RENDIMIENTO | G23: VR. PARCIAL
B24: AYUDANTE | C24: 6250 | D24: 1.8 | E24: 2 | F24: 0.02 | G24: =F24*E24*D24*C24 -> 450
B25: CADENERO 1 | C25: 4200 | D25: 1.8 | E25: 1 | F25: =+F24 -> 0.02 | G25: =F25*E25*D25*C25 -> 151.2
B26: TOPOGRAFO | C26: 5946 | D26: 1.8 | E26: 1 | F26: =+F25 -> 0.02 | G26: =F26*E26*D26*C26 -> 214.056
G27: =F27*E27*D27*C27 -> 0
G28: =F28*E28*D28*C28 -> 0
G29: TOTAL MANO DE OBRA: | H29: =SUM(G24:G28) -> 815.256
B31: HERRAMIENTA Y EQUIPO
B32: DESCRIPCIÓN | D32: UNIDAD | E32: TARIFA | F32: RENDIMIENTO | G32: VR. PARCIAL
B33: HERRAMIENTA MENOR | G33: 81.5256
B34: EQUIPO TOPOGRAFICO | D34: HORA | E34: 12000 | F34: =+F26 -> 0.02 | G34: =F34*E34 -> 240
G35: =F35*E35 -> 0
G36: =F36*E36 -> 0
G37: =F37*E37 -> 0
G38: =F38*E38 -> 0
G39: TOTAL HERRAMIENTA Y EQUIPO: | H39: =SUM(G33:G38) -> 321.5256
B41: TRANSPORTE
B42: MATERIAL | D42: VOL (M3) | E42: DIST (KM) | F42: PESOS/(M3-KM) | G42: VR. UNITARIO
G43: =F43*E43*D43 -> 0
G44: =F44*E44*D44 -> 0
G45: TOTAL TRANSPORTE: | H45: =SUM(G43:G44) -> 0
G47: TOTAL COSTO DIRECTO: | H47: =SUM(H20:H45) -> 3336.7816
B49: COSTOS INDIRECTOS
B50: DESCRIPCIÓN | D50: PORCENTAJE | F50: VR.PARCIAL
B51: ADMINISTRACIÓN | D51: 0.24 | F51: =D51*H47 -> 800.82758
B52: IMPREVISTOS | D52: 0.01 | F52: =D52*H47 -> 33.367816
B53: UTILIDAD | D53: 0.05 | F53: =D53*H47 -> 166.83908
B54: IVA (16% DE LA UTILIDAD) | D54: 0.19 | F54: =D54*F53 -> 31.699425
G56: TOTAL COSTO INDIRECTO: | H56: =SUM(F51:F55) -> 1032.7339
G58: TOTAL PRECIO UNITARIO: | H58: =H56+H47 -> 4369.5155
B61: ITEM:1.2.1 | C61: Cerramiento Provisional en tela de cerramiento verde h: 2.10 m. incluye estructura de madera común, anclajes de parales al piso y tela verde | G61: UND: | H61: ML
B64: MATERIALES
B65: DESCRIPCIÓN | D65: UND | E65: CANTIDAD | F65: VR. UNITARIO | G65: VR. PARCIAL
B66: TELA CERRAMIENTO LONA VERDE | D66: ML | E66: 1 | F66: 2878 | G66: =F66*E66 -> 2878
B67: ALAMBRE NEGRO N° 18 | D67: KG | E67: 0.02 | F67: 13000 | G67: =F67*E67 -> 260
B68: MATERIAL SELECCIONADO | D68: M3 | E68: 0.02 | F68: 40285 | G68: =F68*E68 -> 805.7
B69: POSTE DE MADERA | D69: UND | E69: 0.4 | F69: 10359 | G69: =F69*E69 -> 4143.6
G70: =F70*E70 -> 0
G71: =F71*E71 -> 0
G72: =F72*E72 -> 0
G73: =F73*E73 -> 0
G74: TOTAL MATERIALES: | H74: =SUM(G66:G73) -> 8087.3
B76: MANO DE OBRA
B77: DESCRIPCIÓN | C77: HORA-HOMBRE | D77: PRESTACIONES | E77: CANTIDAD | F77: RENDIMIENTO | G77: VR. PARCIAL
B78: AYUDANTE | C78: 6250 | D78: 1.8 | E78: 1 | F78: 0.1333 | G78: =F78*E78*D78*C78 -> 1499.625
B79: OFICIAL | C79: 12500 | D79: 1.8 | E79: 1 | F79: =+F78 -> 0.1333 | G79: =F79*E79*D79*C79 -> 2999.25
G80: =F80*E80*D80*C80 -> 0
G81: =F81*E81*D81*C81 -> 0
G82: =F82*E82*D82*C82 -> 0
G83: TOTAL MANO DE OBRA: | H83: =SUM(G78:G82) -> 4498.875
B85: HERRAMIENTA Y EQUIPO
B86: DESCRIPCIÓN | D86: UNIDAD | E86: TARIFA | F86: RENDIMIENTO | G86: VR. PARCIAL
B87: HERRAMIENTA MENOR | G87: 449.8875
G88: =F88*E88 -> 0
G89: =F89*E89 -> 0
G90: =F90*E90 -> 0
G91: =F91*E91 -> 0
G92: =F92*E92 -> 0
G93: TOTAL HERRAMIENTA Y EQUIPO: | H93: =SUM(G87:G92) -> 449.8875
B95: TRANSPORTE
B96: MATERIAL | D96: VOL (M3) | E96: DIST (KM) | F96: PESOS/(M3-KM) | G96: VR. UNITARIO
G97: =F97*E97*D97 -> 0
G98: =F98*E98*D98 -> 0
G99: TOTAL TRANSPORTE: | H99: =SUM(G97:G98) -> 0
G101: TOTAL COSTO DIRECTO: | H101: =SUM(H74:H99) -> 13036.062
B103: COSTOS INDIRECTOS
B104: DESCRIPCIÓN | D104: PORCENTAJE | F104: VR.PARCIAL
B105: ADMINISTRACIÓN | D105: 0.24 | F105: =D105*H101 -> 3128.655
B106: IMPREVISTOS | D106: 0.01 | F106: =D106*H101 -> 130.36062
B107: UTILIDAD | D107: 0.05 | F107: =D107*H101 -> 651.80313
B108: IVA (16% DE LA UTILIDAD) | D108: 0.19 | F108: =D108*F107 -> 123.84259
G110: TOTAL COSTO INDIRECTO: | H110: =SUM(F105:F109) -> 4034.6613
G112: TOTAL PRECIO UNITARIO: | H112: =H110+H101 -> 17070.724
B115: ITEM:1.2.2 | C115: Suministro e instalación de redes eléctricas provisionales, incluye cableado, tableros de distribución, protecciones, tomas, luminarias temporales, puesta a tierra y demás elementos necesarios para el correcto funcionamiento según normatividad vigente (RETIE, NTC, NEC). | G115: UND: | H115: Global
B118: MATERIALES
B119: DESCRIPCIÓN | D119: UND | E119: CANTIDAD | F119: VR. UNITARIO | G119: VR. PARCIAL
B120: Cableado eléctrico (flexible 1,5/2,5 mm²) | D120: 100 m | E120: 100 | F120: 8000 | G120: =F120*E120 -> 800000
B121: Tablero de distribución | D121: unidad | E121: 1 | F121: 300000 | G121: =F121*E121 -> 300000
B122: Protecciones eléctricas (juego completo) | D122: juego | E122: 1 | F122: 200000 | G122: =F122*E122 -> 200000
B123: Tomas y accesorios | D123: Global | E123: 1 | F123: 100000 | G123: =F123*E123 -> 100000
B124: Luminarias temporales (bombas LED o focos) | D124: unidades | E124: 4 | F124: 150000 | G124: =F124*E124 -> 600000
B125: Sistema de puesta a tierra | D125: Global | E125: 1 | F125: 180000 | G125: =F125*E125 -> 180000
B126: Otros materiales (canalizaciones, abrazaderas, etc.) | D126: Global | E126: 1 | F126: 100000 | G126: =F126*E126 -> 100000
G127: =F127*E127 -> 0
...

Sheet APU 1,1
D2: ANALISIS DE PRECIOS UNITARIOS
B8: PROYECTO : Adecuación - vías terciarias municipio de Santa Rosa de Osos Antioquia | F8: ITEM : | G8: 4
F9: DESCRIPCION : | G9: 600-4
F10: Excavaciones varias en material
F11: común en seco
F12: UNIDAD : | G12: M3
B13: I. EQUIPO
B14: Descripción | D14: Tipo | E14: Tarifa/Hora | F14: Rendimiento | G14: Valor-Unit.
B16: Herramienta menor | D16: 5% MO | G16: =H48*5% -> 1429.51
B17: retroexcavadora | E17: 140000 | F17: 0.05 | G17: =E17*F17 -> 7000
G20: Sub-Total | H20: =+SUM(G15:G19) -> 8429.51
B23: II MATERIALES EN OBRA
B24: Descripción | D24: Unidad | E24: Precio-Unit. | F24: Cantidad | G24: Valor-Unit.
G32: Sub-Total | H32: =+SUM(G25:G31) -> 0
B34: III. TRANSPORTES
B35: Material | C35: Vol.-Peso ó cant. | D35: Distancia | E35: M3-km | F35: Tarifa | G35: Valor-Unit.
G39: Sub-Total | H39: =+SUM(G34:G38) -> 0
B41: IV. MANO DE OBRA
B42: Trabajador | C42: Jornal | D42: Prestaciones | E42: Jornal total | F42: Rendimiento | G42: Valor-Unit.
B43: Oficial (1) | C43: 87700 | D43: 0.63 | E43: =C43*1.63 -> 142951 | F43: 0.1 | G43: =+E43*F43 -> 14295.1
B44: Obreros ( 2 ) | C44: 87700 | D44: 0.63 | E44: =C44*1.63 -> 142951 | F44: 0.1 | G44: =+E44*F44 -> 14295.1
G48: Sub-Total | H48: =+SUM(G43:G47) -> 28590.2
F50: Total Costo Directo | H50: =+H48+H39+H32+H20 -> 37019.71
B53: V. COSTOS INDIRECTOS
B54: Descripción | F54: Porcentaje | G54: Valor total
G59: Sub-Total | H59: =+SUM(G55:G57) -> 0
E61: Precio unitario total aproximado al peso | H61: =+H59+H50 -> 37019.71

Sheet APU 1,2
D2: ANALISIS DE PRECIOS UNITARIOS
B8: PROYECTO : Mantenimiento - vías terciarias municipio de Santa Rosa de Osos Antioquia | F8: ITEM : | G8: 6
F9: DESCRIPCION : | G9: 311
F10: Afirmado
F12: UNIDAD : | G12: M3
B13: I. EQUIPO
B14: Descripción | D14: Tipo | E14: Tarifa/Hora | F14: Rendimiento | G14: Valor-Unit.
B16: Herramienta menor | D16: 0.02 | G16: =H48*D16 -> 38.118253
B17: Motoniveladora | D17: Caterpillar | E17: 130000 | F17: 45 | G17: =+E17/F17 -> 2888.8889
B18: Cilindro | D18: Vibratorio | E18: 110000 | F18: 45 | G18: =+E18/F18 -> 2444.4444
G20: Sub-Total | H20: =+SUM(G15:G19) -> 5371.4516
B23: II MATERIALES EN OBRA
B24: Descripción | D24: Unidad | E24: Precio-Unit. | F24: Cantidad | G24: Valor-Unit.
B26: Material de afirmado | D26: m3 | E26: 89999.997 | F26: 1.25 | G26: =+F26*E26 -> 112500
G32: Sub-Total | H32: =+SUM(G25:G31) -> 112500
B34: III. TRANSPORTES
B35: Material | C35: Vol.-Peso ó cant. | D35: Distancia | E35: M3-km | F35: Tarifa | G35: Valor-Unit.
B36: transporte material de afirmado de la zona | D36: 10 | E36: 1.25 | F36: =1400*1.3 -> 1820 | G36: =D36*E36*F36 -> 22750
G39: Sub-Total | H39: =+SUM(G34:G38) -> 22750
B41: IV. MANO DE OBRA
B42: Trabajador | C42: Jornal | D42: Prestaciones | E42: Jornal total | F42: Rendimiento | G42: Valor-Unit.
B43: oficial | C43: ='MANO DE OBRA'!D43 -> 170648.63 | D43: 0.85 | E43: =C43*1.85 -> 315699.96 | F43: 360 | G43: =E43/F43 -> 876.94435
B44: obrero (2) | C44: ='MANO DE OBRA'!D32 -> 200231.67 | D44: 0.85 | E44: =C44*1.85 -> 370428.58 | F44: 360 | G44: =E44/F44 -> 1028.9683
G48: Sub-Total | H48: =+SUM(G43:G47) -> 1905.9126
F50: Total Costo Directo | H50: =+H48+H39+H32+H20 -> 142527.36
B53: V. COSTOS INDIRECTOS
B54: Descripción | F54: Porcentaje | G54: Valor total
G59: Sub-Total | H59: =+SUM(G55:G57) -> 0
E61: Precio unitario total aproximado al peso | H61: =+H59+H50 -> 142527.36 | K61: 142527.36

Sheet MANO DE OBRA
A3: MANO DE OBRA INCLUIDO FACTOR PRESTACIONAL
A6: - | B6: día | C6: Jornal SMMMLV - SMDLV 2025 | D6: =1623500/30 -> 54116.667
D7: Moneda (Pesos $)
A8: A0100130 | B8: día | C8: Armador | D8: =$D$6*E8 -> 93856.746 | E8: 1.7343409
A9: A0100150 | B9: día | C9: Ayudante | D9: =$D$6*E9 -> 100115.83 | E9: 1.85
A10: A0010010 | B10: día | C10: Cadenero | D10: =$D$6*E10 -> 110921.61 | E10: 2.0496756
A11: A0100181 | B11: día | C11: Calculista | D11: =$D$6*E11 -> 511945.89 | E11: 9.4600411
A12: A0100140 | B12: día | C12: Cortador | D12: =$D$6*E12 -> 127986.47 | E12: 2.3650103
A13: A0100010 | B13: día | C13: Cuadrilla de desmontaje (10 personas) | D13: =$D$6*E13 -> 938567.46 | E13: 17.343409
A14: A0100180 | B14: día | C14: Cuadrilla de fabricación | D14: =$D$6*E14 -> 511945.89 | E14: 9.4600411
A15: A0041004 | B15: día | C15: Cuadrilla de Un Oficial y (2) Obreros. | D15: =$D$6*E15 -> 341297.26 | E15: 6.306694
A16: A0041006 | B16: día | C16: Cuadrilla de un oficial y (4) Obreros. | D16: =$D$6*E16 -> 511945.89 | E16: 9.4600411
A17: A0100170 | B17: día | C17: Dibujante | D17: =$D$6*E17 -> 170648.63 | E17: 3.153347
A18: A0100182 | B18: día | C18: Dibujante 2 | D18: =$D$6*E18 -> 153583.77 | E18: 2.8380123
A19: A0100120 | B19: u | C19: Estudios, análisis e informes | D19: =$D$6*E19 -> 3412972.6 | E19: 63.06694
... A67: A0040110 | B67: día | C67: Celador | D67: =$D$6*E67 -> 100115.83 | E67: 1.85

Sheet 1,1
B1: =PRESUPUESTO!A1 -> 0 | D1: MEMORIAS DE CANTIDADES DE OBRA | O1: =PRESUPUESTO!F1 -> #VALUE!
B6: ÍTEM | D6: {=RIGHT(CELL("nombrearchivo",D6),LEN(CELL("nombrearchivo",D6))-SEARCH("]",CELL("nombrearchivo",D6)))} -> 1,1 | E6: DESCRIPCIÓN | G6: =VLOOKUP(D6,PRESUPUESTO!A8:E13,2,FALSE) -> Excavación y conformación mecánica de la vía en material común, en seco. Incluye remoción de material suelto, perfilado del camino, limpieza de zanjas y cárcavas formadas por escorrentía, garantizando el bombeo y la sección transversal. | M6: UNIDAD | N6: =VLOOKUP(D6,PRESUPUESTO!A8:E13,3,FALSE) -> m³
K7: LOCALIZACIÓN / ESQUEMA
B8: No | C8: DESCRIPCIÓN | D8: DIMENSIONES | I8: CANTIDAD | J8: TOTAL
D9: LARGO | E9: ANCHO | F9: ALTO | G9: AREA | H9: VOLUMEN
B10: A | D10: 1120.55 | E10: 4 | F10: 0.1 | I10: 1 | J10: =+PRODUCT(D10:I10) -> 448.22
J11: =+PRODUCT(D11:I11) -> 0
J12: =+PRODUCT(D12:I12) -> 0
J14: =+PRODUCT(D14:I14) -> 0
J15: =+PRODUCT(D15:I15) -> 0
J16: =+PRODUCT(D16:I16) -> 0
J17: =+PRODUCT(D17:I17) -> 0
J18: =+PRODUCT(D18:I18) -> 0
J19: =+PRODUCT(D19:I19) -> 0
J20: =+PRODUCT(D20:I20) -> 0
J21: =+PRODUCT(D21:I21) -> 0
J22: =+PRODUCT(D22:I22) -> 0
J23: =+PRODUCT(D23:I23) -> 0
... J30: =+PRODUCT(D30:I30) -> 0
B36: TOTAL ACTIVIDAD | J36: =SUM(J10:J35) -> 448.22
B37: ACUMULADAS EN EL ACTA ANTERIOR
B38: TOTAL CANTIDADES ACUMULADAS
B39: OBSERVACIONES:
B41: ELABORÓ | E41: APROBÓ | H41: REVISÓ

Sheet 1,2
B1: =PRESUPUESTO!A1 -> 0 | D1: MEMORIAS DE CANTIDADES DE OBRA | O1: =PRESUPUESTO!F1 -> #VALUE!
B6: ÍTEM | D6: {=RIGHT(CELL("nombrearchivo",D6),LEN(CELL("nombrearchivo",D6))-SEARCH("]",CELL("nombrearchivo",D6)))} -> 1,2 | E6: DESCRIPCIÓN | G6: =VLOOKUP(D6,PRESUPUESTO!A8:E13,2,FALSE) -> Suministro, transporte, extendido y compactación de material granular (material de la zona) para afirmado de la vía. Incluye colocación por capas, humectación y compactación mecánica hasta obtener la densidad especificada. | M6: UNIDAD | N6: =VLOOKUP(D6,PRESUPUESTO!A8:E13,3,FALSE) -> m³
K7: LOCALIZACIÓN / ESQUEMA
B8: No | C8: DESCRIPCIÓN | D8: DIMENSIONES | I8: CANTIDAD | J8: TOTAL
D9: LARGO | E9: ANCHO | F9: ALTO | G9: AREA | H9: VOLUMEN
B10: A | D10: 1120.55 | E10: 4 | F10: 0.05 | J10: =+PRODUCT(D10:I10) -> 224.11
J12: =+PRODUCT(D12:I12) -> 0
J13: =+PRODUCT(D13:I13) -> 0
J14: =+PRODUCT(D14:I14) -> 0
J15: =+PRODUCT(D15:I15) -> 0
J16: =+PRODUCT(D16:I16) -> 0
J17: =+PRODUCT(D17:I17) -> 0
J18: =+PRODUCT(D18:I18) -> 0
J19: =+PRODUCT(D19:I19) -> 0
J20: =+PRODUCT(D20:I20) -> 0
J21: =+PRODUCT(D21:I21) -> 0
J22: =+PRODUCT(D22:I22) -> 0
J23: =+PRODUCT(D23:I23) -> 0
... J30: =+PRODUCT(D30:I30) -> 0
B36: TOTAL ACTIVIDAD | J36: =SUM(J10:J35) -> 224.11
B37: ACUMULADAS EN EL ACTA ANTERIOR
B38: TOTAL CANTIDADES ACUMULADAS
B39: OBSERVACIONES:
B41: ELABORÓ | E41: APROBÓ | H41: REVISÓ

Sheet Cantidades de acero estructura 
B2: Resumen de medición Cubierta Central Chigorodo Antioquia | J2: Resumen Soldaduras Cubierta Central Chigorodo Antioquia | P2: Elementos de tornillería no normalizados | T2: Resumen Placas de anclaje Cubierta Central Chigorodo Antioquia
B3: Material | D3: Pieza | E3: Perfil(Serie) | F3: Longitud | G3: Volumen | H3: Peso | J3: Clase de resistencia | K3: Ejecución | L3: Tipo | M3: Lado | N3: Longitud de cordones | P3: Tipo | Q3: Cantidad | R3: Descripción | T3: Material | U3: Elementos | V3: Cantidad | W3: Dimensiones | X3: Peso
B4: Tipo | C4: Designación | D4: (Ni/Nf) | F4: (m) | G4: (m³) | H4: (kg) | M4: (mm) | N4: (mm) | P4: Tuercas | Q4: 48 | R4: T38.1 | W4: (mm) | X4: (kg)
B5: Acero laminado | C5: A588 50ksi | D5: N3/N8 | E5: HSS20X0.500 (HSS) | F5: 6.46 | G5: 0.128 | H5: 1002.13 | J5: E70XX | K5: En el lugar de montaje | L5: En ángulo | M5: 9 | N5: =520 -> 520 | P5: Arandelas | Q5: 48 | R5: A38.1 | T5: A36 | U5: Placa base | V5: 3 | W5: 1000x1000x38 | X5: 894.9
D6: N2/N9 | E6: HSS20X0.500 (HSS) | F6: 6.46 | G6: 0.128 | H6: 1002.13 | M6: 10 | N6: =570 -> 570 | U6: Rigidizadores no pasantes | V6: 12 | W6: 246/0x500/100x22 | X6: 152.94
D7: N1/N11 | E7: HSS20X0.500 (HSS) | F7: 6.01 | G7: 0.119 | H7: 932.32 | K7: En el lugar de montaje | L7: En ángulo | M7: 10 | N7: =19120 -> 19120 | U7: Total | X7: =X5+X6 -> 1047.84
D8: N6/N7 | E8: 2xUPE 270([]) (UPE) | F8: 16.335 | G8: 0.146 | H8: 1148.95 | M8: 11 | N8: =1000 -> 1000 | T8: A-307 (liso) | U8: Pernos de anclaje | V8: 48 | W8: Ø 38.1 - L = 1596 + 435 | X8: 872.14
D9: N11/N8 | E9: 2xUPE 330([]) (UPE) | F9: 10.49 | G9: 0.142 | H9: 1116.58 | J9: TOTAL CORDONES DE SOLDADURA (mm) | N9: =SUM(N5:N8) -> 21210 | U9: Total | X9: 872.14
D10: N8/N4 | E10: 2xUPE 240([]) (UPE) | F10: 1.935 | G10: 0.015 | H10: 116.98 | J10: TOTAL CORDONES DE SOLDADURA (m) | N10: =N9/100 -> 212.1
D11: N11/N9 | E11: 2xUPE 330([]) (UPE) | F11: 10.49 | G11: 0.142 | H11: 1116.58
D12: N9/N5 | E12: 2xUPE 240([]) (UPE) | F12: 1.935 | G12: 0.015 | H12: 116.98
D13: N8/N10 | E13: 2xUPE 300([]) (UPE) | F13: 1.948 | G13: 0.022 | H13: 173.09
D14: N13/N7 | E14: 2xUPE 270([]) (UPE) | F14: 16.351 | G14: 0.147 | H14: 1150.06
D15: N11/N12 | E15: 2xUPE 120([]) (UPE) | F15: 1.948 | G15: 0.006 | H15: 47.1
D16: N21/N26 | E16: 2xUPE 200([]) (UPE) | F16: 5.245 | G16: 0.03 | H16: 238.8
D17: N16/N26 | E17: 2xUPE 200([]) (UPE) | F17: 5.245 | G17: 0.03 | H17: 238.8
D18: N14/N19 | E18: 2xUPE 120([]) (UPE) | F18: 1.747 | G18: 0.005 | H18: 42.23
D19: N19/N38 | E19: 2xUPE 120([]) (UPE) | F19: 1.948 | G19: 0.006 | H19: 47.1
D20: N17/N32 | E20: 2xUPE 120([]) (UPE) | F20: 1.747 | G20: 0.005 | H20: 42.23
D21: N29/N22 | E21: 2xUPE 120([]) (UPE) | F21: 1.747 | G21: 0.005 | H21: 42.23
D22: N22/N36 | E22: 2xUPE 120([]) (UPE) | F22: 1.948 | G22: 0.006 | H22: 47.1
... D101: N58/N5 | E101: 2xUPE 120([]) (UPE) | F101: 2.009 | G101: 0.006 | H101: 48.57
B102: Total Acero Laminado A588 50ksi (kg) | H102: =SUM(H5:H101) -> 14639.45

Sheet Cantidades acero estructural #2
B2: Tabla de medición BARES 5 MODULOS CHIGORODO ANTIOQUIA | J2: Soldaduras BARES 5 MODULOS CHIGORODO ANTIOQUIA | P2: Elementos de tornillería no normalizados | T2: Placas de anclaje BARES 5 MODULOS CHIGORODO ANTIOQUIA
B3: Material | D3: Pieza | E3: Perfil(Serie) | F3: Longitud | G3: Volumen | H3: Peso | J3: Clase de resistencia | K3: Ejecución | L3: Tipo | M3: Lado | N3: Longitud de cordones | P3: Tipo | Q3: Cantidad | R3: Descripción | T3: Material | U3: Elementos | V3: Cantidad | W3: Dimensiones | X3: Peso
B4: Tipo | C4: Designación | D4: (Ni/Nf) | F4: (m) | G4: (m³) | H4: (kg) | M4: (mm) | N4: (mm) | P4: Tuercas | Q4: 108 | R4: T22.2 | W4: (mm) | X4: (kg)
B5: Acero laminado | C5: A36 | D5: N180/N179 | E5: W200x100 (W) | F5: 3 | G5: 0.038 | H5: 296.73 | J5: E60XX | K5: En el lugar de montaje | L5: En ángulo | M5: 6 | N5: 20708 | Q5: 64 | R5: T25.4 | T5: A36 | U5: Placa base | V5: 1 | W5: 450x500x19.1 | X5: 33.65
D6: N181/N177 | E6: W200x100 (W) | F6: 3 | G6: 0.038 | H6: 296.73 | M6: 10 | N6: 7972 | Q6: 40 | R6: T28.6 | V6: 6 | W6: 500x500x19.1 | X6: 224.31
D7: N182/N175 | E7: W200x100 (W) | F7: 3 | G7: 0.038 | H7: 296.73 | M7: 13 | N7: 722 | P7: Arandelas | Q7: 108 | R7: A22.2 | V7: 1 | W7: 550x550x19.1 | X7: 45.24
D8: N183/N173 | E8: W200x100 (W) | F8: 3 | G8: 0.038 | H8: 296.73 | L8: En ángulo | M8: 3 | N8: 8710 | Q8: 64 | R8: A25.4 | V8: 4 | W8: 500x550x25.4 | X8: 219.33
D9: N184/N171 | E9: W200x100 (W) | F9: 3 | G9: 0.038 | H9: 296.73 | M9: 6 | N9: 340 | Q9: 40 | R9: A28.6 | V9: 6 | W9: 600x600x25.4 | X9: 430.68
D10: N185/N43 | E10: IPE 240 (IPE) | F10: 3.01 | G10: 0.012 | H10: 92.4 | M10: 11 | N10: 11453 | V10: 2 | W10: 550x550x25.4 | X10: 120.63
D11: N43/N54 | E11: IPE 240 (IPE) | F11: 3.01 | G11: 0.012 | H11: 92.4 | J11: E70XX | K11: En el lugar de montaje | L11: En ángulo | M11: 6 | N11: 2937 | V11: 1 | W11: 450x750x25.4 | X11: 67.29
D12: N38/N40 | E12: IPE 300 (IPE) | F12: 3.01 | G12: 0.016 | H12: 127.14 | M12: 10 | N12: 45383 | V12: 4 | W12: 650x650x25.4 | X12: 336.97
D13: N40/N53 | E13: IPE 300 (IPE) | F13: 3.01 | G13: 0.016 | H13: 127.14 | M13: 13 | N13: 4050 | V13: 1 | W13: 500x500x25.4 | X13: 49.85
D14: N34/N36 | E14: IPE 240 (IPE) | F14: 3.01 | G14: 0.012 | H14: 92.4 | L14: En ángulo | M14: 6 | N14: 2537 | V14: 1 | W14: 700x700x31.8 | X14: 122.13
D15: N36/N52 | E15: IPE 330 (IPE) | F15: 3.01 | G15: 0.019 | H15: 147.93 | M15: 10 | N15: 1548 | U15: Rigidizadores pasantes | V15: 2 | W15: 500/300x100/0x6.4 | X15: 3.99
D16: N30/N32 | E16: IPE 240 (IPE) | F16: 3.01 | G16: 0.012 | H16: 92.4 | M16: 11 | N16: 22907 | V16: 2 | W16: 500/311x100/0x6.4 | X16: 4.04
D17: N32/N51 | E17: IPE 300 (IPE) | F17: 3.01 | G17: 0.016 | H17: 127.14 | M17: 15 | N17: 5471 | V17: 12 | W17: 500/311x150/55x6.4 | X17: 39.49
D18: N26/N28 | E18: IPE 240 (IPE) | F18: 3.01 | G18: 0.012 | H18: 92.4 | J18: TOTAL SOLDADURA E60XX (mm) | N18: =SUM(N5:N10) -> 49905 | V18: 2 | W18: 550/350x100/0x6.4 | X18: 4.49
D19: N28/N50 | E19: IPE 300 (IPE) | F19: 3.01 | G19: 0.016 | H19: 127.14 | J19: TOTAL SOLDADURA E70XX (mm) | N19: =SUM(N11:N17) -> 84833 | V19: 12 | W19: 600/311x150/0x9.5 | X19: 61.3
D20: N22/N24 | E20: IPE 240 (IPE) | F20: 3.01 | G20: 0.012 | H20: 92.4 | V20: 6 | W20: 650/350x150/0x9.5 | X20: 33.65
D21: N24/N49 | E21: IPE 300 (IPE) | F21: 3.01 | G21: 0.016 | H21: 127.14 | V21: 4 | W21: 550/311x150/30x9.5 | X21: 20.39
D22: N18/N20 | E22: IPE 240 (IPE) | F22: 3.01 | G22: 0.012 | H22: 92.4 | V22: 2 | W22: 750/500x150/30x9.5 | X22: 14.58
D23: N20/N48 | E23: IPE 300 (IPE) | F23: 3.01 | G23: 0.016 | H23: 127.14 | V23: 2 | W23: 650/311x200/30x9.5 | X23: 15.13
D24: N14/N16 | E24: IPE 240 (IPE) | F24: 3.01 | G24: 0.012 | H24: 92.4 | V24: 8 | W24: 550/250x150/0x9.5 | X24: 35.89
D25: N16/N47 | E25: IPE 300 (IPE) | F25: 3.01 | G25: 0.016 | H25: 127.14 | V25: 2 | W25: 700/311x200/0x12.7 | X25: 20.16
D26: N10/N12 | E26: IPE 240 (IPE) | F26: 3.01 | G26: 0.012 | H26: 92.4 | U26: Rigidizadores no pasantes | V26: 4 | W26: 90/0x100/0x6.4 | X26: 0.9
D27: N12/N46 | E27: IPE 300 (IPE) | F27: 3.01 | G27: 0.016 | H27: 127.14 | V27: 24 | W27: 90/0x150/55x6.4 | X27: 11.12
D28: N6/N8 | E28: IPE 270 (IPE) | F28: 3.01 | G28: 0.014 | H28: 108.47 | V28: 4 | W28: 115/15x100/0x6.4 | X28: 1.31
D29: N8/N45 | E29: IPE 300 (IPE) | F29: 3.01 | G29: 0.016 | H29: 127.14 | V29: 8 | W29: 112/0x150/30x9.5 | X29: 6.06
D30: N2/N4 | E30: IPE 240 (IPE) | F30: 3.01 | G30: 0.012 | H30: 92.4 | V30: 4 | W30: 162/0x200/30x9.5 | X30: 5.59
D31: N4/N44 | E31: IPE 240 (IPE) | F31: 3.01 | G31: 0.012 | H31: 92.4 | V31: 8 | W31: 137/0x150/0x9.5 | X31: 6.17
D32: N113/N115 | E32: IPE 180 (IPE) | F32: 2.25 | G32: 0.005 | H32: 42.21 | V32: 16 | W32: 135/0x150/0x9.5 | X32: 12.16
D33: N117/N119 | E33: IPE 200 (IPE) | F33: 2.25 | G33: 0.006 | H33: 50.34 | V33: 4 | W33: 184/0x200/0x12.7 | X33: 7.35
D34: N121/N123 | E34: IPE 200 (IPE) | F34: 2.25 | G34: 0.006 | H34: 50.34 | U34: Total | X34: 1953.83
D35: N125/N127 | E35: IPE 200 (IPE) | F35: 2.25 | G35: 0.006 | H35: 50.34 | T35: A-307 (liso) | U35: Pernos de anclaje | V35: 28 | W35: Ø 22.2 - L = 811 + 254 | X35: 90.78
D36: N129/N90 | E36: IPE 200 (IPE) | F36: 2.25 | G36: 0.006 | H36: 50.34 | V36: 32 | W36: Ø 22.2 - L = 718 + 254 | X36: 94.63
D37: N112/N114 | E37: IPE 160 (IPE) | F37: 2.25 | G37: 0.005 | H37: 35.5 | V37: 8 | W37: Ø 22.2 - L = 868 + 254 | X37: 27.31
D38: N116/N118 | E38: IPE 160 (IPE) | F38: 2.25 | G38: 0.005 | H38: 35.5 | V38: 16 | W38: Ø 22.2 - L = 761 + 254 | X38: 49.44
D39: N120/N122 | E39: IPE 160 (IPE) | F39: 2.25 | G39: 0.005 | H39: 35.5 | V39: 8 | W39: Ø 22.2 - L = 911 + 254 | X39: 28.37
D40: N124/N126 | E40: IPE 160 (IPE) | F40: 2.25 | G40: 0.005 | H40: 35.5 | V40: 16 | W40: Ø 22.2 - L = 918 + 254 | X40: 57.06
D41: N128/N89 | E41: IPE 200 (IPE) | F41: 2.25 | G41: 0.006 | H41: 50.34 | V41: 8 | W41: Ø 25.4 - L = 921 + 290 | X41: 38.47
D42: N96/N98 | E42: IPE 100 (IPE) | F42: 2.25 | G42: 0.002 | H42: 18.19 | V42: 24 | W42: Ø 25.4 - L = 821 + 290 | X42: 105.87
D43: N100/N102 | E43: IPE 100 (IPE) | F43: 2.25 | G43: 0.002 | H43: 18.19 | V43: 8 | W43: Ø 25.4 - L = 771 + 290 | X43: 33.7
D44: N107/N109 | E44: IPE 100 (IPE) | F44: 2.25 | G44: 0.002 | H44: 18.19 | V44: 8 | W44: Ø 25.4 - L = 721 + 290 | X44: 32.11
D45: N111/N88 | E45: IPE 100 (IPE) | F45: 2.25 | G45: 0.002 | H45: 18.19 | V45: 8 | W45: Ø 25.4 - L = 1021 + 290 | X45: 41.64
D46: N95/N97 | E46: IPE 160 (IPE) | F46: 2.25 | G46: 0.005 | H46: 35.5 | V46: 8 | W46: Ø 25.4 - L = 864 + 290 | X46: 36.68
D47: N99/N101 | E47: IPE 160 (IPE) | F47: 2.25 | G47: 0.005 | H47: 35.5 | V47: 8 | W47: Ø 28.6 - L = 874 + 326 | X47: 48.29
... D51: N44/N45 | E51: IPE 80 (IPE) | F51: 3 | G51: 0.002 | H51: 17.9 | V51: 8 | W51: Ø 28.6 - L = 1130 + 326 | X51: 58.6
D52: N45/N46 | E52: IPE 100 (IPE) | F52: 2.25 | G52: 0.002 | H52: 18.19 | U52: Total | X52: 895.86
D53: N46/N47 | E53: IPE 80 (IPE) | F53: 3 | G53: 0.002 | H53: 17.9 | T53: TOTAL (kg) PLACAS DE ANCLAJE | X53: =X52+X34 -> 2849.69
D54: N47/N48 | E54: IPE 100 (IPE) | F54: 2.25 | G54: 0.002 | H54: 18.19
D55: N48/N49 | E55: IPE 80 (IPE) | F55: 3 | G55: 0.002 | H55: 17.9
D56: N49/N50 | E56: IPE 100 (IPE) | F56: 2.25 | G56: 0.002 | H56: 18.19
D57: N50/N51 | E57: IPE 80 (IPE) | F57: 3 | G57: 0.002 | H57: 17.9
D58: N51/N52 | E58: IPE 100 (IPE) | F58: 2.25 | G58: 0.002 | H58: 18.19
D59: N52/N53 | E59: IPE 80 (IPE) | F59: 3 | G59: 0.002 | H59: 17.9
D60: N53/N54 | E60: IPE 100 (IPE) | F60: 2.25 | G60: 0.002 | H60: 18.19
D61: N4/N8 | E61: IPE 240 (IPE) | F61: 3 | G61: 0.012 | H61: 92.08
D62: N8/N12 | E62: IPE 220 (IPE) | F62: 2.25 | G62: 0.008 | H62: 58.99
D63: N12/N16 | E63: IPE 220 (IPE) | F63: 3 | G63: 0.01 | H63: 78.66
D64: N16/N20 | E64: IPE 220 (IPE) | F64: 2.25 | G64: 0.008 | H64: 58.99
D65: N20/N24 | E65: IPE 220 (IPE) | F65: 3 | G65: 0.01 | H65: 78.66
... D230: N108/N110 | E230: IPE 120 (IPE) | F230: 3 | G230: 0.004 | H230: 31.09
B231: TOTAL ACERO LAMINADO A36 (kg) | H231: =SUM(H5:H230) -> 26318.82

Sheet bancas en concreto 
B1: =PRESUPUESTO!A1 -> 0 | D1: MEMORIAS DE CANTIDADES DE OBRA | O1: =PRESUPUESTO!F1 -> #VALUE!
B6: ÍTEM | D6: {=RIGHT(CELL("nombrearchivo",D6),LEN(CELL("nombrearchivo",D6))-SEARCH("]",CELL("nombrearchivo",D6)))} -> bancas en concreto | E6: DESCRIPCIÓN | G6: =VLOOKUP(D6,PRESUPUESTO!A8:E13,2,FALSE) -> #N/A | M6: UNIDAD | N6: =VLOOKUP(D6,PRESUPUESTO!A8:E13,3,FALSE) -> #N/A
K7: LOCALIZACIÓN / ESQUEMA
B8: No | C8: DESCRIPCIÓN | D8: DIMENSIONES | I8: CANTIDAD | J8: TOTAL
D9: LARGO | E9: ANCHO | F9: ALTO | G9: AREA | H9: VOLUMEN
C10: Zona bares | D10: =+(14.25-0.3-0.3)/2 -> 6.825 | J10: =+PRODUCT(D10:I10) -> 6.825
D11: =+(13.74-0.3-0.3)/2 -> 6.57 | J11: =+PRODUCT(D11:I11) -> 6.57
D12: =+(15.65-0.3-0.3)/2 -> 7.525 | J12: =+PRODUCT(D12:I12) -> 7.525
C13: Plaza norte | D13: 5.6 | J13: =+PRODUCT(D13:I13) -> 5.6
D14: 20.75 | J14: =+PRODUCT(D14:I14) -> 20.75
D15: 6.14 | J15: =+PRODUCT(D15:I15) -> 6.14
D16: 4.47 | J16: =+PRODUCT(D16:I16) -> 4.47
D17: =+(117.38-0.3-0.3)/2 -> 58.39 | J17: =+PRODUCT(D17:I17) -> 58.39
C18: Plaza oriental | D18: =+(75.85-0.3-0.3)/2 -> 37.625 | J18: =+PRODUCT(D18:I18) -> 37.625
D19: =+(36.82-0.3-0.3)/2 -> 18.11 | J19: =+PRODUCT(D19:I19) -> 18.11
C20: Plaza oriental y mercados abiertos | D20: =+(155.95-0.3-0.3)/2 -> 77.675 | J20: =+PRODUCT(D20:I20) -> 77.675
C21: Plaza occidente | D21: 26.15 | J21: =+PRODUCT(D21:I21) -> 26.15
D22: 14.47 | J22: =+PRODUCT(D22:I22) -> 14.47
J23: =+PRODUCT(D23:I23) -> 0
J24: =+PRODUCT(D24:I24) -> 0
J25: =+PRODUCT(D25:I25) -> 0
J26: =+PRODUCT(D26:I26) -> 0
J27: =+PRODUCT(D27:I27) -> 0
J28: =+PRODUCT(D28:I28) -> 0
J29: =+PRODUCT(D29:I29) -> 0
J30: =+PRODUCT(D30:I30) -> 0
J31: =+PRODUCT(D31:I31) -> 0
J32: =+PRODUCT(D32:I32) -> 0
J33: =+PRODUCT(D33:I33) -> 0
J34: =+PRODUCT(D34:I34) -> 0
... J54: =+PRODUCT(D54:I54) -> 0
B55: TOTAL ACTIVIDAD | J55: =SUM(J10:J54) -> 290.3
B56: ACUMULADAS EN EL ACTA ANTERIOR
B57: TOTAL CANTIDADES ACUMULADAS
B58: OBSERVACIONES:
B60: ELABORÓ | E60: APROBÓ | H60: REVISÓ
